 Dungeon Crawl Stone Soup version 0.20-a0-751-g905781e (webtiles) character file.

1042 Amciq the Cudgeler (level 8, -10/80 HPs)
             Began as a Troll Berserker on Feb 25, 2017.
             Was an Elder of Trog.
             Mangled by an orc warrior
             ... wielding a +0 halberd
              (19 damage)
             ... on level 6 of the Dungeon.
             The game lasted 00:12:59 (4513 turns).

Amciq the Cudgeler (Troll Berserker)                Turns: 4513, Time: 00:13:00

Health: -10/80     AC:  5    Str: 27    XL:     8   Next: 4%
Magic:  16/16      EV: 10    Int:  3    God:    Trog [****..]
Gold:   155        SH:  0    Dex: 10    Spells: 7/7 levels left

rFire    . . .     SeeInvis .   k - +2 flail (protect)
rCold    . . .     Gourm    +   b - +0 animal skin
rNeg     . . .     Faith    .   (no shield)
rPois    .         Spirit   .   (helmet restricted)
rElec    .         Reflect  .   (no cloak)
rCorr    .         Harm     .   (gloves unavailable)
MR       .....                  (boots unavailable)
Stlth    +.........             (no amulet)
Regen    0.7/turn               (no ring)
MPRegen  0.2/turn               v - ring of magical power

@: exhausted, slowed, very slow
A: unfitting armour, claws 3, fast metabolism 3, gourmand, regeneration 1,
shaggy fur 1, tough skin 2
a: Berserk, Trog's Hand, Brothers in Arms, Burn Spellbooks, Renounce Religion


You were on level 6 of the Dungeon.
You worshipped Trog.
Trog was greatly pleased with you.
You were not hungry.

You visited 1 branch of the dungeon, and saw 6 of its levels.
You also visited: Ossuary.

You collected 245 gold pieces.
You spent 90 gold pieces at shops.

Inventory:

Hand Weapons
 k - a +2 flail of protection (weapon)
Missiles
 d - 298 stones (quivered)
Armour
 b - a +0 animal skin (worn)
Jewellery
 t - a +3 ring of slaying {unknown}
 v - a ring of magical power (left claw)
Scrolls
 e - 4 scrolls of identify
 f - 3 scrolls of remove curse
 g - 3 scrolls of recharging
 l - 5 scrolls of teleportation
 u - a scroll of noise {unknown}
 x - a scroll of magic mapping
 y - 5 scrolls of enchant armour {unknown}
 z - a scroll of blinking {unknown}
 B - a scroll of enchant weapon {unknown}
Potions
 a - 4 potions of might {unknown}
 h - a potion of resistance {unknown}
 i - a potion of flight {unknown}
 m - a potion of invisibility {unknown}
 n - 2 potions of heal wounds {unknown}
 p - a potion of ambrosia {unknown}
 q - 2 potions of brilliance {unknown}
 r - 3 potions of curing
 s - a potion of magic {unknown}
 w - 4 potions of mutation {unknown}
 A - 2 potions of haste {unknown}
Comestibles
 c - 4 bread rations
 j - a meat ration
 o - 4 royal jellies


   Skills:
 + Level 5.1 Fighting
 + Level 5.6 Maces & Flails
 + Level 4.6 Throwing
 - Level 2.4 Dodging


You had 7 spell levels left.
You didn't know any spells.

Dungeon Overview and Level Annotations

Branches:
Dungeon (6/15)             Temple (0/1) D:6

Altars:
Ashenzari
Elyvilon
Gozag
Nemelex Xobeh
Ru
Sif Muna
Trog
Zin


Innate Abilities, Weirdness & Mutations

You are too large for most types of armour.
You have claws for hands.
Your metabolism is lightning-fast.
You like to eat raw meat.
Your natural rate of healing is unusually fast.
You are covered in fur. (AC +1)
You have very tough skin. (AC +2)


Message History

The orc warrior hits you from afar with a halberd!
* * * LOW HITPOINT WARNING * * *
The orc completely misses you. The orc hits you but does no damage.
The orc warrior hits you from afar with a halberd!
* * * LOW HITPOINT WARNING * * *
Okay, then.
You feel better. The orc closely misses you. x2
The orc warrior completely misses you. The orc hits you.
* * * LOW HITPOINT WARNING * * *
Okay, then.
The orc hits you with a mace.
* * * LOW HITPOINT WARNING * * *
Okay, then.
You feel better. The orc hits you but does no damage.
The orc warrior hits you from afar with a halberd.
* * * LOW HITPOINT WARNING * * *
Your polar bear goes berserk!
You feel quite a bit more hungry. The orc barely misses you.
The orc warrior hits you from afar with a halberd!!
You die...

..8.....#..#####.#
>.8......#..# .#
..8.......#.####.#
88#....#...#......
#........_..###
#...........# #
#.......#...# .#
#.##.#..###.## ..##
. ..........@# ....#
.##.#.####oo###....#
# ###.....h†o.).#
######...).....#
#....#.##.####
#.####.# .# # #.# #
#.. ##.


You could see an orc warrior, 2 orcs and a friendly polar bear (berserk).

Vanquished Creatures
  Grinder (D:3)
  A phantom (D:5)
  2 big kobolds (D:4)
  A bullfrog zombie (D:5)
  A hound (D:5)
  An orc wizard (D:6)
  Terence (D:3)
  Natasha (thrice) (D:3)
  An iguana (D:5)
  4 worker ants
  13 mummies (Ossuary)
  A gnoll (D:1)
  4 adders
  2 oozes
  An adder skeleton (D:3)
  5 worms
  3 dart slugs
  2 leopard geckos
  6 orcs
  3 giant cockroaches
  6 hobgoblins
  3 jackals (D:6)
  15 kobolds
  A ball python (D:4)
  7 bats
  4 frilled lizards
  2 gnoll skeletons (Ossuary)
  7 goblins
  3 kobold skeletons (Ossuary)
  3 orc skeletons (Ossuary)
  6 rats
  11 rat skeletons (Ossuary)
124 creatures vanquished.

Notes
Turn   | Place    | Note
-------+----------+-------------------------------------------
     0 | D:1      | Amciq the Troll Berserker began the quest for the Orb.
     0 | D:1      | Reached XP level 1. HP: 22/22 MP: 0/0
   122 | D:1      | Reached XP level 2. HP: 28/29 MP: 1/1
   386 | D:1      | Reached skill level 1 in Throwing
   513 | D:1      | Reached XP level 3. HP: 21/36 MP: 2/2
   627 | D:1      | Reached ** piety under Trog
  1341 | D:2      | Reached XP level 4. HP: 45/45 MP: 3/3
  1668 | D:3      | Found a bloodstained altar of Trog.
  1668 | D:3      | Noticed Terence
  1672 | D:3      | Killed Terence
  1796 | D:3      | Noticed Grinder
  1798 | D:3      | Noticed Natasha
  1807 | D:3      | Killed Grinder
  1807 | D:3      | Reached XP level 5. HP: 54/54 MP: 4/4
  1807 | D:3      | Reached XP level 6. HP: 62/62 MP: 5/5
  1809 | D:3      | Killed Natasha
  1842 | D:3      | Noticed Natasha
  1849 | D:3      | Killed Natasha
  1900 | D:3      | Found a shattered altar of Ashenzari.
  1900 | D:3      | Found a white marble altar of Elyvilon.
  1901 | D:3      | Found a deep blue altar of Sif Muna.
  1950 | D:3      | Noticed Natasha
  1958 | D:3      | Killed Natasha
  2173 | D:4      | Reached *** piety under Trog
  2279 | D:4      | Reached XP level 7. HP: 67/70 MP: 6/6
  2514 | D:4      | Found Zin's Purification Station.
  2514 | D:4      | Found a glowing silver altar of Zin.
  2520 | D:4      | Bought a potion of curing for 90 gold pieces
  2526 | D:4      | Reached skill level 5 in Maces & Flails
  3087 | D:5      | Entered Level 5 of the Dungeon
  3137 | D:5      | Found a sand-covered staircase.
  3141 | Ossuary  | Entered an ossuary
  3350 | Ossuary  | Reached **** piety under Trog
  3701 | D:5      | Found a sacrificial altar of Ru.
  3794 | D:5      | Found a shattered altar of Ashenzari.
  4221 | D:5      | Found a sparkling altar of Nemelex Xobeh.
  4308 | D:5      | Reached skill level 5 in Fighting
  4437 | D:6      | Found an opulent altar of Gozag.
  4440 | D:6      | Reached XP level 8. HP: 80/80 MP: 7/7
  4479 | D:6      | Found a staircase to the Ecumenical Temple.
  4509 | D:6      | HP: 2/80 [orc warrior/halberd (10)]
  4513 | D:6      | Mangled by an orc warrior

Vault maps used:
D:1:      dpeg_arrival_rooms_b
D:2:      st_stairs_9
D:3:      gammafunk_temple_overflow_claw, bloody_trog, uniq_terence,
          uniq_grinder, uniq_natasha
D:4:      cheibrodos_thug_alley, zin_purify, first_bread, minmay_fountain_box
D:5:      nicolae_overflow_hidden_temple, nicolae_ru_sacrificial_ziggurat,
          nicolae_ossuary_entry_plus, basic_altar, hangedman_decor_lopped
D:6:      lemuel_doored_altar, nicolae_gozag_seed_capital,
          minmay_temple_entry_statues, gup_sewer_entry_spiral,
          minmay_gold_behind_fungi, st_stairs_8
Ossuary:  ossuary_due_small_catacomb

Skill      XL: |  1  2  3  4  5  6  7 |
---------------+----------------------+-----
Maces & Flails | 3 4 5 |  5.6
Throwing       | 1 2 3 4 |  4.6
Fighting       | 3 4 5 |  5.1
Dodging        | |  2.4

Action                   |  1- 3 |  4- 6 |  7- 9 || total
-------------------------+-------+-------+-------++-------
Melee: Mace              |    18 |       |       ||    18
       Whip              |    21 |       |       ||    21
       Flail             |    41 |    92 |   151 ||   284
Throw: Stone             |    96 |    13 |       ||   109
Invok: Berserk           |       |     4 |     2 ||     6
       Trog's Hand       |       |     1 |       ||     1
       Brothers in Arms  |       |       |     1 ||     1
  Use: Scroll            |       |     1 |     8 ||     9
       Potion            |       |       |     2 ||     2
 Stab: Sleeping          |     1 |     1 |       ||     2
  Eat: Chunk             |    11 |    20 |     3 ||    34
       Bread ration      |       |       |     2 ||     2
       Meat ration       |       |       |     1 ||     1
Armor: Animal skin       |    36 |    41 |    47 ||   124
Dodge: Dodged            |    45 |    50 |    84 ||   179
